 Dungeon Crawl Stone Soup version 0.18.1-6-gd335043 (webtiles) character file.

130 shmeve the Chopper (level 4, -7/41 HPs)
             Began as a Minotaur Berserker on May 19, 2016.
             Was a Believer of Trog.
             Mangled by dozzold's ghost (8 damage)
             ... on level 4 of the Dungeon.
             The game lasted 00:06:05 (2235 turns).

shmeve the Chopper (Minotaur Berserker)             Turns: 2235, Time: 00:06:06

Health: -7/41      AC:  9    Str: 22    XL:     4   Next: 89%
Magic:  3/3        EV:  8    Int:  5    God:    Trog [**....]
Gold:   216        SH:  2    Dex:  9    Spells: 0 memorised, 3 levels left

rFire  . . .     SeeInvis .     b - +0 war axe
rCold  . . .     Gourm    .     r - +0 chain mail
rNeg   . . .     Faith    .     (no shield)
rPois  .         Spirit   .     (helmet restricted)
rElec  .         Dismiss  .     (no cloak)
rCorr  .         Reflect  +     (no gloves)
SustAt .         Harm     .     (no boots)
MR     .....                    n - +2 amulet of reflection
Stlth  ..........               (no ring)
                                (no ring)

@: not resistant to hostile enchantments, extremely unstealthy
A: retaliatory headbutt, horns 2
a: Berserk, Trog's Hand, Burn Spellbooks, Renounce Religion


You were on level 4 of the Dungeon.
You worshipped Trog.
Trog was pleased with you.
You were very hungry.

You visited 1 branch of the dungeon, and saw 4 of its levels.

You collected 216 gold pieces.

Inventory:

Hand Weapons
 b - a +0 war axe (weapon)
Armour
 r - a +0 chain mail (worn)
Jewellery
 n - a +2 amulet of reflection (around neck)
Scrolls
 d - 2 scrolls of identify {unknown}
 i - 2 scrolls of random uselessness {unknown}
 j - 3 scrolls of recharging {unknown}
 m - a scroll of magic mapping {unknown}
 o - a scroll of noise {unknown}
 p - 2 scrolls of remove curse {unknown}
 q - 2 scrolls of teleportation {unknown}
Potions
 e - 3 potions of curing {unknown}
 f - 2 potions of might {unknown}
 g - a potion of cancellation {unknown}
 h - a potion of lignification {unknown}
Comestibles
 c - 4 bread rations
 k - 3 beef jerkies
 l - a meat ration


   Skills:
 * Level 4.8 Fighting
 * Level 5.1 Axes
 + Level 3.0 Armour
 + Level 3.0 Dodging


You had 3 spell levels left.
You didn't know any spells.

Dungeon Overview and Level Annotations

Branches:
Dungeon (4/15)
 Temple: D:4-7

Altars:
Gozag

Annotations:
D:4 dozzold's ghost, amateur HOFi


Innate Abilities, Weirdness & Mutations

You reflexively headbutt those who attack you in melee.
You have a pair of horns on your head.


Message History

Dozzold's ghost hits you! x2
You closely miss dozzold's ghost. Your headbutt misses dozzold's ghost.
Dozzold's ghost is lightly damaged.
Dozzold's ghost hits you but does no damage.
Your chain mail prevents you from hitting dozzold's ghost.
Dozzold's ghost is lightly damaged.
Dozzold's ghost hits you but does no damage.
You barely miss dozzold's ghost.
You headbutt dozzold's ghost, but do no damage.
Dozzold's ghost is lightly damaged.
Dozzold's ghost hits you.
You hit dozzold's ghost. Your headbutt misses dozzold's ghost.
Dozzold's ghost is lightly damaged.
Dozzold's ghost hits you!
* * * LOW HITPOINT WARNING * * *
You hit dozzold's ghost but do no damage.
You headbutt dozzold's ghost, but do no damage.
Dozzold's ghost is lightly damaged.
Dozzold's ghost hits you!
You die...

#.#.#.#.###...[..
#...............#
###.#.#.####....
#.........#
##........##.#..
#.#####........
#.# #.###.##. #)#
#.....# #.#
#@###....# #.#
#W# #.# #.. ..#
### ####


You could see dozzold's ghost.

Vanquished Creatures
  6 adders
  An ooze (D:2)
  2 worms
  A giant gecko (D:2)
  6 orcs (D:3)
  7 bats
  5 giant cockroaches
  5 hobgoblins
  2 jackals (D:3)
  6 kobolds
  3 giant newts
  6 goblins
  8 rats
58 creatures vanquished.

Notes
Turn   | Place    | Note
--------------------------------------------------------------
     0 | D:1      | shmeve the Minotaur Berserker began the quest for the Orb.
     0 | D:1      | Reached XP level 1. HP: 19/19 MP: 0/0
   271 | D:1      | Reached XP level 2. HP: 24/27 MP: 1/1
   387 | D:1      | Reached skill level 4 in Axes
   857 | D:2      | Reached ** piety under Trog
   859 | D:2      | Reached XP level 3. HP: 30/33 MP: 2/2
  1070 | D:2      | Found an opulent altar of Gozag.
  1261 | D:2      | Reached XP level 4. HP: 32/40 MP: 3/3
  1498 | D:3      | Reached skill level 5 in Axes
  2228 | D:4      | Noticed dozzold's ghost (amateur HOFi)
  2234 | D:4      | HP: 1/41 [dozzold's ghost (14)]
  2235 | D:4      | Mangled by dozzold's ghost

Skill      XL: |  1  2  3  4 |
---------------+-------------+-----
Axes           | 4 5 |  5.1
Armour         | 3 |  3.0
Fighting       | 4 |  4.8
Dodging        | 3 |  3.0

Action                   |  1- 3 |  4- 6 || total
-------------------------+-------+-------++-------
Melee: Hand axe          |    70 |    53 ||   123
       Headbutt          |    12 |    10 ||    22
       War axe           |       |     7 ||     7
Invok: Berserk           |     1 |       ||     1
  Eat: Chunk             |     2 |     2 ||     4
Armor: Animal skin       |    15 |     6 ||    21
       Chain mail        |       |    17 ||    17
Dodge: Dodged            |    64 |    30 ||    94
Block: Other             |       |     4 ||     4
       Reflection        |       |     1 ||     1
